[Event "ICC tourney 2604 (40 5)"]
[Site "Internet Chess Club"]
[Date "2021.06.13"]
[Round "4"]
[White "GILLSTON, NOAH:K06-15800411"]
[Black "SATTARU, SRITEJ SAI:K06-16084553"]
[Result "1-0"]
[ICCResult "Black resigns"]
[WhiteElo "1671"]
[BlackElo "1796"]
[Opening "Scotch: Göring gambit"]
[ECO "C44"]
[NIC "SO.06"]
[Time "11:00:16"]
[PlyCount "131"]
[TimeControl "2400+5"]

1. e4 e5 2. Nf3 Nc6 3. d4 exd4 4. c3 d3 5. Bxd3 Be7 6. Bc4 d6 7. Qb3 Nf6 8.
Bxf7+ Kf8 9. O-O Na5 10. Qa4 Kxf7 11. Qxa5 Rf8 12. Rd1 b6 13. Qa4 Kg8 14.
e5 Nd7 15. exd6 cxd6 16. Qe4 Rb8 17. Nd4 Nf6 18. Qe2 Bd7 19. Ne6 Bxe6 20.
Qxe6+ Kh8 21. Bf4 Rb7 22. Na3 d5 23. Nb5 Rd7 24. Nd4 Ne4 25. Qg4 Rf7 26.
Nc6 Qe8 27. Ne5 Rxf4 28. Qxf4 Bd6 29. Rxd5 Nf6 30. Rxd6 Rxd6 31. Nf7+ Qxf7
32. Qxd6 h6 33. Qd8+ Kh7 34. Re1 Qxa2 35. Qd3+ Kg8 36. b4 Qf7 37. Rd1 Qb7
38. Qg6 Qc7 39. Qd3 Qc6 40. Qc2 Qc7 41. c4 a5 42. bxa5 bxa5 43. c5 Nd7 44.
Qc4+ Kh8 45. c6 Ne5 46. Qd5 Nxc6 47. Rc1 Qf4 48. Qxc6 a4 49. Ra1 a3 50.
Qc8+ Kh7 51. Rxa3 Qe5 52. Qc2+ Kg8 53. Ra8+ Kf7 54. Qc4+ Kg6 55. Qg4+ Kh7
56. Qd1 Qe4 57. Rd8 Qe5 58. Qd3+ g6 59. Qd7+ Qg7 60. Qxg7+ Kxg7 61. Kf1 Kf6
62. Ke2 Kg5 63. Ke3 Kh4 64. Rh8 h5 65. Kf3 g5 66. g3+ { Black resigns } 1-0

[Event "ICC tourney 2604 (40 5)"]
[Site "Internet Chess Club"]
[Date "2021.06.13"]
[Round "4"]
[White "FENG, ANDREW T:K06-15666552"]
[Black "OKUNO, RION:K06-16978387"]
[Result "1-0"]
[ICCResult "Black checkmated"]
[WhiteElo "1919"]
[BlackElo "1587"]
[Opening "Sicilian: Najdorf"]
[ECO "B90"]
[NIC "SI.14"]
[Time "11:00:21"]
[PlyCount "135"]
[TimeControl "2400+5"]

1. e4 c5 2. Nf3 d6 3. d4 cxd4 4. Nxd4 Nf6 5. Nc3 a6 6. f3 g6 7. Be3 Bg7 8.
Qd2 Nbd7 9. O-O-O h5 10. Kb1 b5 11. g3 Bb7 12. Bg2 Nb6 13. Bf1 b4 14. Nce2
Nc4 15. Qd3 Nxe3 16. Qxe3 Qc7 17. Nc1 Rc8 18. Qb3 O-O 19. Bh3 Rb8 20. Rhe1
Nd7 21. f4 Nc5 22. Qc4 a5 23. Ndb3 Ba6 24. Qd5 Na4 25. Qxa5 Nc3+ 26. bxc3
Qxc3 27. e5 dxe5 28. fxe5 Rfc8 29. Bxc8 Rxc8 30. Rd2 Bh6 31. Red1 Bxd2 32.
Rxd2 Bb7 33. Qb6 Be4 34. Qf2 Qxe5 35. Nd4 Qc5 36. Ncb3 Qc3 37. Qe2 Bd5 38.
Qd3 Bxb3 39. axb3 Kg7 40. Qxc3 bxc3 41. Rd3 e5 42. Nb5 e4 43. Rxc3 Rxc3 44.
Nxc3 f5 45. Kc1 g5 46. Kd2 Kf6 47. Ke3 Ke5 48. b4 f4+ 49. gxf4+ gxf4+ 50.
Ke2 f3+ 51. Ke3 h4 52. Nxe4 Kf5 53. Kxf3 h3 54. b5 Ke5 55. c4 Kd4 56. b6
Kxc4 57. b7 Kb5 58. b8=Q+ Kc6 59. Qd8 Kb5 60. Qd6 Kc4 61. Ke3 Kb3 62. Qd4
Kc2 63. Qd3+ Kc1 64. Qe2 Kb1 65. Qd2 Ka1 66. Kd3 Kb1 67. Kc3 Ka1 68. Qb2# {
Black checkmated } 1-0

[Event "ICC tourney 2604 (40 5)"]
[Site "Internet Chess Club"]
[Date "2021.06.13"]
[Round "4"]
[White "MOHSENIN, CYRUS:K06-17008780"]
[Black "VANZANDWEGHE, HENRI:K06-15949902"]
[Result "1/2-1/2"]
[ICCResult "Game drawn by mutual agreement"]
[WhiteElo "1539"]
[BlackElo "1774"]
[Opening "Ruy Lopez: Marshall counter-attack"]
[ECO "C89"]
[NIC "RL.17"]
[Time "11:00:14"]
[PlyCount "109"]
[TimeControl "2400+5"]

1. e4 e5 2. Nf3 Nc6 3. Bb5 a6 4. Ba4 Nf6 5. O-O Be7 6. Re1 b5 7. Bb3 O-O 8.
c3 d5 9. exd5 Nxd5 10. h3 f6 11. d4 exd4 12. Nxd4 Nxd4 13. Qxd4 c6 14. Bf4
Kh8 15. Bh2 Bd6 16. Bxd6 Qxd6 17. Nd2 Qf4 18. Re4 Qc7 19. Rae1 Bd7 20. Nf3
Nb6 21. Qc5 Rad8 22. Nd4 Nc8 23. Bc2 Qd6 24. Qh5 Qd5 25. Re5 Qg8 26. Rc5
Rfe8 27. Rxe8 Bxe8 28. Qg4 Ne7 29. Qe4 Ng6 30. Nxc6 Bxc6 31. Rxc6 Qxa2 32.
Qb4 Qa1+ 33. Kh2 Qe1 34. Qd4 Qe8 35. Bxg6 hxg6 36. Rd6 Rxd6 37. Qxd6 Qe2
38. Qxa6 Qxb2 39. Qc8+ Kh7 40. Qc5 Qb3 41. Qb4 Qxb4 42. cxb4 Kh6 43. Kg3
Kg5 44. Kf3 Kf5 45. Ke3 Ke5 46. f3 g5 47. g3 g6 48. f4+ gxf4+ 49. gxf4+ Kf5
50. Kf3 g5 51. fxg5 fxg5 52. Kg3 Kf6 53. Kg4 Kg6 54. Kf3 Kf5 55. Kg3 { Game
drawn by mutual agreement } 1/2-1/2

[Event "ICC tourney 2604 (40 5)"]
[Site "Internet Chess Club"]
[Date "2021.06.13"]
[Round "4"]
[White "BUGAYEV, GEORGE:K06-15696525"]
[Black "WIDJAJA, LUKE:K06-16010621"]
[Result "0-1"]
[ICCResult "White forfeits on time"]
[WhiteElo "1758"]
[BlackElo "1257"]
[Opening "Scotch: Potter variation"]
[ECO "C45"]
[NIC "SO.05"]
[Time "11:00:13"]
[PlyCount "114"]
[TimeControl "2400+5"]

1. e4 e5 2. Nf3 Nc6 3. d4 exd4 4. Nxd4 Bc5 5. Nb3 Bb6 6. Nc3 d6 7. Qe2 Nf6
8. Be3 Be6 9. O-O-O Ng4 10. Nd5 Nxe3 11. Nxe3 Qg5 12. Kb1 Bxe3 13. Qxe3
Qxe3 14. fxe3 O-O-O 15. Nd4 Bd7 16. Bd3 Ne5 17. h3 Rde8 18. Rhf1 f6 19. a3
Kb8 20. Rf2 Bc8 21. Bb5 Bd7 22. Bd3 a6 23. Kc1 Bc8 24. Nf3 b6 25. Nxe5 Rxe5
26. Rf4 Rhe8 27. Rdf1 Bb7 28. Rg4 R8e7 29. Rff4 a5 30. Kd2 h5 31. Rg3 Kc8
32. Ke2 Kd8 33. Kd2 Ke8 34. Rh4 Kf8 35. Ke2 Kg8 36. Kd2 Bc6 37. Rf4 b5 38.
Rxf6 h4 39. Rg4 g5 40. Rg6+ Rg7 41. Rxg7+ Kxg7 42. Ke2 Bd7 43. Kf3 Bxg4+
44. Kxg4 b4 45. axb4 axb4 46. b3 Kf6 47. Kf3 Ra5 48. Ke2 Ke5 49. Kf2 Rc5
50. Ke2 c6 51. Kf2 d5 52. exd5 cxd5 53. Ke2 d4 54. exd4+ Kxd4 55. Kf2 Kc3
56. Ke2 Re5+ 57. Kf3 Rd5 { White forfeits on time } 0-1

[Event "ICC tourney 2604 (40 5)"]
[Site "Internet Chess Club"]
[Date "2021.06.13"]
[Round "4"]
[White "WILSON, RONEN:K06-15349011"]
[Black "ZHAO, ERICK:K06-15346712"]
[Result "0-1"]
[ICCResult "White resigns"]
[WhiteElo "2079"]
[BlackElo "2270"]
[Opening "Sicilian: Najdorf, 7...Be7 main line"]
[ECO "B99"]
[NIC "SI.09"]
[Time "11:00:14"]
[PlyCount "136"]
[TimeControl "2400+5"]

1. e4 c5 2. Nf3 d6 3. d4 cxd4 4. Nxd4 Nf6 5. Nc3 a6 6. Bg5 e6 7. f4 Be7 8.
Qf3 Qc7 9. O-O-O Nbd7 10. Bd3 h6 11. Bh4 g5 12. fxg5 Ne5 13. Qe2 Nfg4 14.
Nf3 Nxf3 15. gxf3 hxg5 16. Bf2 Nxf2 17. Qxf2 Bf6 18. Ne2 Qa5 19. Kb1 Bd7
20. Qg3 Ke7 21. Bc4 Qb6 22. c3 Rac8 23. Bb3 a5 24. Rd2 Rhg8 25. Rhd1 Be5
26. Qg1 Qxg1 27. Nxg1 g4 28. fxg4 Rxg4 29. Bc2 Bc6 30. Re2 Rh8 31. Nf3 Rh3
32. Nxe5 dxe5 33. c4 Rgh4 34. Rdd2 Rf4 35. Rd1 Rhh4 36. Rde1 Kd6 37. b3 Kc5
38. Kb2 Rf3 39. Rd2 Rfh3 40. Ree2 f6 41. Bb1 Rf4 42. Rd1 Rhh4 43. Rde1 Be8
44. Bc2 Bh5 45. Rd2 Bf3 46. Kc3 Bxe4 47. Bxe4 Rxe4 48. Rf1 Ref4 49. Rfd1
Rh3+ 50. Kb2 Rd4 51. Kc2 b6 52. Rf2 Rxd1 53. Kxd1 f5 54. Kd2 e4 55. Rg2 Kd4
56. Ke2 f4 57. Rg6 Rxh2+ 58. Kf1 Ke3 59. Rxe6 f3 60. Kg1 f2+ 61. Kxh2 f1=Q
62. Rxb6 Ke2 63. Rg6 e3 64. Rg2+ Qxg2+ 65. Kxg2 Kd2 66. c5 e2 67. c6 e1=Q
68. c7 Qc1 { White resigns } 0-1

[Event "ICC tourney 2604 (40 5)"]
[Site "Internet Chess Club"]
[Date "2021.06.13"]
[Round "4"]
[White "YAO, JERRY:K06-15860426"]
[Black "ANANTH, ANANYA:K06-15971911"]
[Result "0-1"]
[ICCResult "White resigns"]
[WhiteElo "1893"]
[BlackElo "1663"]
[Opening "QGD semi-Slav"]
[ECO "D43"]
[NIC "SL.03"]
[Time "11:00:16"]
[PlyCount "138"]
[TimeControl "2400+5"]

1. d4 d5 2. c4 c6 3. Nf3 Nf6 4. Nc3 e6 5. cxd5 exd5 6. Bg5 Nbd7 7. e3 Bd6
8. Bd3 O-O 9. Qc2 h6 10. Bh4 Re8 11. O-O b6 12. Rab1 Bb7 13. b4 Rc8 14. a4
Qc7 15. Rfc1 Qd8 16. Bf5 Be7 17. Ne5 Ra8 18. Bxf6 Nxf6 19. Ne2 Bd6 20. Nxc6
Qc7 21. g3 g6 22. Bh3 Bc8 23. Bxc8 Raxc8 24. b5 Qd7 25. Kg2 Ne4 26. h4 h5
27. Nc3 Nxc3 28. Qxc3 Qg4 29. Qd3 Qd7 30. Rc2 Re4 31. Rbc1 Rce8 32. Qb3 Qe6
33. Nb4 Bxb4 34. Qxb4 g5 35. hxg5 h4 36. Re2 hxg3 37. fxg3 Rxe3 38. Rxe3
Qxe3 39. Qc3 Qe2+ 40. Kg1 Kg7 41. Rf1 Qh5 42. Qf3 Qxf3 43. Rxf3 Re1+ 44.
Kf2 Ra1 45. Rb3 Rxa4 46. Ke3 Kg6 47. Rb2 Kxg5 48. Rf2 Ra3+ 49. Ke2 Ra2+ 50.
Ke3 Rxf2 51. Kxf2 Kg4 52. Kg2 f5 53. Kf2 f4 54. gxf4 Kxf4 55. Ke2 Ke4 56.
Kd1 Kxd4 57. Kd2 Kc4 58. Kc2 Kxb5 59. Kd3 Kc5 60. Kc3 b5 61. Kb3 d4 62. Kc2
a5 63. Kb3 a4+ 64. Ka3 d3 65. Kb2 Kc4 66. Kc1 Kc3 67. Kb1 d2 68. Ka2 b4 69.
Kb1 d1=Q+ { White resigns } 0-1

[Event "ICC tourney 2604 (40 5)"]
[Site "Internet Chess Club"]
[Date "2021.06.13"]
[Round "5"]
[White "LIU, DAVIDSIQI:K06-15612561"]
[Black "HARDAWAY, BREWINGTON:K06-15728407"]
[Result "0-1"]
[ICCResult "White checkmated"]
[WhiteElo "1933"]
[BlackElo "2240"]
[Opening "Sicilian: closed"]
[ECO "B23"]
[NIC "SI.44"]
[Time "14:01:13"]
[PlyCount "106"]
[TimeControl "2400+5"]

1. e4 c5 2. Nc3 e6 3. d4 cxd4 4. Qxd4 Nc6 5. Qd1 Bb4 6. Be3 Nf6 7. f3 d5 8.
exd5 exd5 9. Bb5 O-O 10. Bxc6 bxc6 11. Ne2 Re8 12. Qd3 Bxc3+ 13. bxc3 a5
14. O-O Ba6 15. Qd2 Qe7 16. Kf2 Qxe3+ 17. Qxe3 Rxe3 18. Kxe3 Re8+ 19. Kd4
Rxe2 20. Rab1 g6 21. Rfe1 Rxg2 22. Ke5 Kg7 23. Kd6 Bb5 24. Re7 a4 25. Rbe1
Rxc2 26. Ra7 Ng8 27. Re8 Rxc3 28. Raa8 Nf6 29. Re7 Rxf3 30. Raa7 Ne4+ 31.
Ke5 Nc3 32. h4 Re3+ 33. Kd4 Rxe7 34. Rxe7 Nxa2 35. Re1 Nb4 36. Rb1 Nc2+ 37.
Kc3 Ne3 38. Re1 Nf5 39. Rh1 c5 40. Kc2 d4 41. Kd2 c4 42. h5 c3+ 43. Kc2
Ne3+ 44. Kc1 d3 45. h6+ Kf6 46. Rg1 d2+ 47. Kb1 c2+ 48. Kb2 a3+ 49. Ka2
Bc4+ 50. Kxa3 c1=Q+ 51. Ka4 d1=Q+ 52. Ka5 Qd5+ 53. Kb4 Qb5# { White
checkmated } 0-1

[Event "ICC tourney 2604 (40 5)"]
[Site "Internet Chess Club"]
[Date "2021.06.13"]
[Round "5"]
[White "VANZANDWEGHE, HENRI:K06-15949902"]
[Black "MULLODZHANOV, NATHANIEL:K06-15706544"]
[Result "0-1"]
[ICCResult "White resigns"]
[WhiteElo "1774"]
[BlackElo "2005"]
[Opening "Caro-Kann: Tartakower (Nimzovich) variation"]
[ECO "B15"]
[NIC "CK.06"]
[Time "14:00:21"]
[PlyCount "162"]
[TimeControl "2400+5"]

1. e4 c6 2. d4 d5 3. Nc3 dxe4 4. Nxe4 Nf6 5. Nxf6+ exf6 6. Nf3 Bd6 7. Bd3
O-O 8. h3 Re8+ 9. Be3 Bf4 10. Qd2 Qe7 11. Kf1 Bxe3 12. fxe3 f5 13. Re1 Qc7
14. Qf2 Be6 15. Ng5 Nd7 16. Bxf5 Bxf5 17. Qxf5 Nf8 18. Kg1 h6 19. Nf3 Rad8
20. Ne5 Rd5 21. Qf3 f6 22. Ng4 h5 23. Nf2 Rxd4 24. Qxh5 Re5 25. Qe2 Qe7 26.
Nd3 Re6 27. Qf2 Rde4 28. Kh2 Rxe3 29. Rxe3 Rxe3 30. Re1 Rxe1 31. Qxe1 Qxe1
32. Nxe1 Ne6 33. Nd3 Kf7 34. Kg3 c5 35. c3 b6 36. Kf3 Ke7 37. h4 g5 38.
hxg5 Nxg5+ 39. Kf4 Ke6 40. c4 Nf7 41. b3 Ng5 42. Ne1 Kf7 43. Nc2 Ne6+ 44.
Kf5 Ke7 45. Ne3 Nd4+ 46. Kg6 Ke6 47. Nd5 f5 48. Nc7+ Ke5 49. Kg5 Ne6+ 50.
Nxe6 Kxe6 51. Kf4 Kf6 52. a3 a6 53. b4 a5 54. bxa5 bxa5 55. a4 Ke6 56. g3
Kf6 57. Ke3 Ke5 58. Kf3 Kd4 59. Kf4 Kxc4 60. Kxf5 Kd4 61. g4 c4 62. g5 c3
63. g6 c2 64. g7 c1=Q 65. g8=Q Qf1+ 66. Kg6 Qg2+ 67. Kf7 Qxg8+ 68. Kxg8 Kc4
69. Kf7 Kb4 70. Ke6 Kxa4 71. Kd5 Kb3 72. Kd4 a4 73. Kd3 a3 74. Kd2 a2 75.
Kd3 a1=Q 76. Kd2 Qc3+ 77. Kd1 Qb2 78. Ke1 Qc2 79. Kf1 Qd2 80. Kg1 Qe2 81.
Kh1 Kc3 { White resigns } 0-1

[Event "ICC tourney 2604 (40 5)"]
[Site "Internet Chess Club"]
[Date "2021.06.13"]
[Round "5"]
[White "ZHAO, ERICK:K06-15346712"]
[Black "POTHURI, ABHIRAM SAI:K06-15560780"]
[Result "1-0"]
[ICCResult "Black checkmated"]
[WhiteElo "2270"]
[BlackElo "1948"]
[Opening "Sicilian: Nimzovich-Rossolimo attack (with ...g6, without ...d6)"]
[ECO "B31"]
[NIC "SI.31"]
[Time "14:00:31"]
[PlyCount "85"]
[TimeControl "2400+5"]

1. e4 c5 2. Nf3 Nc6 3. Bb5 g6 4. O-O Bg7 5. c3 e5 6. d4 cxd4 7. cxd4 exd4
8. Bf4 Nge7 9. Bd6 a6 10. Bc4 b5 11. Bd5 Bb7 12. Nbd2 Nc8 13. Bg3 O-O 14.
Nb3 Qb6 15. Rc1 d6 16. Re1 a5 17. a4 bxa4 18. Nbd2 Ne5 19. Nxe5 dxe5 20.
Nc4 Qa7 21. Nxe5 Bxd5 22. exd5 Nb6 23. Qxd4 Nd7 24. Qxa4 Nxe5 25. Bxe5 Bxe5
26. Rxe5 Rac8 27. Rxc8 Rxc8 28. Re8+ Rxe8 29. Qxe8+ Kg7 30. Qe5+ f6 31. Qe6
Qc5 32. g3 Qc1+ 33. Kg2 g5 34. Qe7+ Kg6 35. Qe4+ f5 36. Qe6+ Kh5 37. h3 Qc2
38. g4+ fxg4 39. hxg4+ Kh4 40. Qe3 Qxf2+ 41. Qxf2+ Kxg4 42. Qf3+ Kh4 43.
Qh3# { Black checkmated } 1-0

[Event "ICC tourney 2604 (40 5)"]
[Site "Internet Chess Club"]
[Date "2021.06.13"]
[Round "5"]
[White "BUCHANAN, ROYAL:K06-15612362"]
[Black "GILLSTON, NOAH:K06-15800411"]
[Result "1-0"]
[ICCResult "Black checkmated"]
[WhiteElo "1943"]
[BlackElo "1671"]
[Opening "French: King's Indian attack"]
[ECO "C00"]
[NIC "FR.02"]
[Time "14:00:21"]
[PlyCount "73"]
[TimeControl "2400+5"]

1. e4 e6 2. d3 d5 3. Qe2 Nf6 4. e5 Nfd7 5. Nf3 c5 6. g3 Nc6 7. Bg2 Be7 8.
c4 d4 9. O-O O-O 10. h4 f6 11. exf6 Nxf6 12. Bf4 Bd6 13. Bxd6 Qxd6 14. Re1
Re8 15. Ne5 Nxe5 16. Qxe5 Qxe5 17. Rxe5 Ng4 18. Rxc5 e5 19. Nd2 Rb8 20. Re1
a6 21. Ne4 b6 22. Rc7 Re6 23. Ng5 Rf6 24. Bd5+ Kh8 25. Nf7+ Kg8 26. Nd8+
Kf8 27. Nc6 Ra8 28. Ne7 Rb8 29. Nxc8 Nxf2 30. Rf1 Nxd3 31. Rxf6+ gxf6 32.
Rf7+ Ke8 33. Nd6+ Kd8 34. b4 Nxb4 35. Be6 Rb7 36. Rxb7 d3 37. Rd7# { Black
checkmated } 1-0

[Event "ICC tourney 2604 (40 5)"]
[Site "Internet Chess Club"]
[Date "2021.06.13"]
[Round "5"]
[White "PATANKAR, VIJAY:K06-16438548"]
[Black "JARGALSAIKHAN, OCHIR:K06-30018301"]
[Result "1-0"]
[ICCResult "Black checkmated"]
[WhiteElo "940"]
[BlackElo "1492"]
[Opening "Réti: King's Indian attack (Barcza system)"]
[ECO "A07"]
[NIC "QP.09"]
[Time "14:00:19"]
[PlyCount "167"]
[TimeControl "2400+5"]

1. Nf3 d5 2. g3 Nf6 3. Bg2 Bf5 4. d3 e6 5. O-O c5 6. c4 Nc6 7. a3 Bd6 8.
Bg5 h6 9. Bxf6 Qxf6 10. Nc3 d4 11. Nb1 g5 12. Nbd2 h5 13. h4 gxh4 14. Nxh4
Bg6 15. Ne4 Qe7 16. Nxd6+ Qxd6 17. Rb1 Rb8 18. Qa4 a6 19. Bxc6+ Qxc6 20.
Qxc6+ bxc6 21. b4 cxb4 22. Rxb4 Rxb4 23. axb4 Kd7 24. Ra1 Rb8 25. Nf3 Rxb4
26. Nxd4 Rb2 27. Kf1 c5 28. Nf3 Rb6 29. Ke1 Kc6 30. Kd2 Rb2+ 31. Ke3 Kb7
32. Nd2 Rb6 33. Ra5 Rc6 34. Nb3 Kb6 35. Ra1 e5 36. f3 f5 37. f4 e4 38. d4
cxd4+ 39. Kxd4 Bf7 40. Ra4 Rg6 41. Ra5 Be6 42. Re5 Bc8 43. Re8 Bd7 44. Rh8
Rxg3 45. Nc5 Bc6 46. Rxh5 Rg8 47. Rxf5 Rd8+ 48. Ke3 a5 49. Nxe4 a4 50. Nc3
a3 51. Rg5 Rd7 52. f5 Kc5 53. Rg6 Bb7 54. f6 Kb4 55. Rg7 Rd8 56. Rxb7+ Kxc3
57. c5 a2 58. Ra7 Kb2 59. c6 a1=Q 60. Rxa1 Kxa1 61. c7 Rc8 62. f7 Kb2 63.
Kf4 Kc3 64. e4 Kd4 65. Kf5 Kc5 66. e5 Kd5 67. e6 Kd6 68. Kf6 Kxc7 69. e7
Kd7 70. f8=Q Re8 71. Kf7 Rxf8+ 72. exf8=Q Kc6 73. Qe7 Kd5 74. Kf6 Kd4 75.
Qe6 Kd3 76. Qe5 Kd2 77. Qe4 Kc3 78. Ke5 Kb3 79. Qd4 Kc2 80. Kd5 Kc1 81. Qf2
Kd1 82. Kc4 Kc1 83. Kc3 Kb1 84. Qb2# { Black checkmated } 1-0

[Event "ICC tourney 2604 (40 5)"]
[Site "Internet Chess Club"]
[Date "2021.06.13"]
[Round "5"]
[White "SATTARU, SRITEJ SAI:K06-16084553"]
[Black "MOHSENIN, CYRUS:K06-17008780"]
[Result "1-0"]
[ICCResult "Black checkmated"]
[WhiteElo "1796"]
[BlackElo "1539"]
[Opening "Caro-Kann: exchange variation"]
[ECO "B13"]
[NIC "CK.02"]
[Time "14:00:25"]
[PlyCount "101"]
[TimeControl "2400+5"]

1. e4 c6 2. d4 d5 3. exd5 cxd5 4. Bd3 Nf6 5. c3 Nc6 6. h3 e6 7. Bf4 Bd6 8.
Bxd6 Qxd6 9. Nf3 O-O 10. O-O g6 11. Nbd2 Kg7 12. Re1 Bd7 13. Ne5 Rad8 14.
Ndf3 Ne7 15. Rc1 Qb6 16. b3 Nc6 17. Qd2 Ne7 18. Qe3 Bb5 19. Bb1 Qd6 20.
Red1 Nf5 21. Bxf5 exf5 22. c4 Bc6 23. c5 Qc7 24. b4 a5 25. a3 Bb5 26. Nd2
Ra8 27. Ra1 axb4 28. axb4 Rfe8 29. Qb3 Red8 30. Ra3 Ra6 31. Rda1 Rda8 32.
Nb1 Qe7 33. Nc3 Rxa3 34. Rxa3 Rxa3 35. Qxa3 Bc4 36. Qa7 Ne4 37. Nxe4 fxe4
38. c6 Qxb4 39. cxb7 Qe1+ 40. Kh2 Qxf2 41. Nd3 exd3 42. b8=Q d2 43. Qe7
Qg1+ 44. Kxg1 d1=Q+ 45. Kh2 Kh6 46. Qbf8+ Kh5 47. g4+ Qxg4 48. hxg4+ Kxg4
49. Qfxf7 g5 50. Qee6+ Kh4 51. Qxh7# { Black checkmated } 1-0

[Event "ICC tourney 2604 (40 5)"]
[Site "Internet Chess Club"]
[Date "2021.06.13"]
[Round "5"]
[White "HO, JASPER:K06-16038265"]
[Black "ANANTH, ANANYA:K06-15971911"]
[Result "1-0"]
[ICCResult "Black checkmated"]
[WhiteElo "1794"]
[BlackElo "1663"]
[Opening "QGD Slav defense: exchange variation"]
[ECO "D10"]
[NIC "SL.01"]
[Time "14:00:19"]
[PlyCount "77"]
[TimeControl "2400+5"]

1. d4 d5 2. c4 c6 3. cxd5 cxd5 4. Nc3 Nf6 5. Bf4 Nc6 6. e3 a6 7. Bd3 e6 8.
Rc1 Bd6 9. Bxd6 Qxd6 10. f4 O-O 11. Nf3 g6 12. O-O Ng4 13. Qe1 f5 14. h3
Nf6 15. Qh4 Qe7 16. Ne5 Bd7 17. a3 Qg7 18. Rc2 Ne4 19. Ne2 Rac8 20. Rfc1
Nxe5 21. dxe5 g5 22. Qe1 gxf4 23. exf4 Qe7 24. b4 Rxc2 25. Rxc2 Ba4 26. Rc1
b5 27. Kh2 Qa7 28. Rc6 Nf2 29. Bb1 Re8 30. Qc3 Ne4 31. Bxe4 fxe4 32. Nd4
Qf7 33. f5 exf5 34. Rf6 Qd7 35. Nxf5 Re7 36. Qg3+ Rg7 37. Nh6+ Kh8 38. Rf8+
Rg8 39. Qxg8# { Black checkmated } 1-0

[Event "ICC tourney 2604 (40 5)"]
[Site "Internet Chess Club"]
[Date "2021.06.13"]
[Round "5"]
[White "GAW, CHLOE:K06-16608942"]
[Black "WIDJAJA, LUKE:K06-16010621"]
[Result "1-0"]
[ICCResult "Black checkmated"]
[WhiteElo "1719"]
[BlackElo "1257"]
[Opening "QGD: exchange, positional line"]
[ECO "D35"]
[NIC "QO.16"]
[Time "14:00:20"]
[PlyCount "113"]
[TimeControl "2400+5"]

1. d4 d5 2. c4 e6 3. Nc3 Nf6 4. cxd5 exd5 5. Bg5 Nbd7 6. e3 c6 7. Bd3 Be7
8. Nge2 O-O 9. Qc2 h6 10. Bh4 Re8 11. O-O Ne4 12. Bxe7 Qxe7 13. Rab1 Ndf6
14. b4 Ng4 15. Bxe4 dxe4 16. Ng3 Qh4 17. h3 Nxe3 18. fxe3 Qxg3 19. Qf2
Qxf2+ 20. Rxf2 f5 21. b5 g6 22. bxc6 bxc6 23. Na4 Be6 24. Nc5 Bd5 25. g3
Reb8 26. Rfb2 Rxb2 27. Rxb2 a5 28. a3 a4 29. Rb4 Bb3 30. Nd7 Ra5 31. Rb8+
Kg7 32. Rb6 Bd5 33. Nc5 g5 34. Rb4 Bb3 35. Kf2 Rb5 36. Ke1 Rxb4 37. axb4
Kf6 38. Kd2 h5 39. h4 gxh4 40. gxh4 Ke7 41. Kc3 Kd6 42. Nxb3 axb3 43. Kxb3
Kd5 44. Kc3 Kd6 45. Kc4 Ke6 46. d5+ cxd5+ 47. Kd4 f4 48. exf4 Kf5 49. b5
Kxf4 50. b6 e3 51. b7 e2 52. b8=Q+ Kf3 53. Qf8+ Kg2 54. Qe7 Kf1 55. Qf6+
Ke1 56. Kd3 Kd1 57. Qa1# { Black checkmated } 1-0

[Event "ICC tourney 2604 (40 5)"]
[Site "Internet Chess Club"]
[Date "2021.06.13"]
[Round "5"]
[White "GOLDSTEIN, ARAV MICAH:K06-15497770"]
[Black "KAMATH, AYUSH:K06-16652416"]
[Result "1-0"]
[ICCResult "Black checkmated"]
[WhiteElo "1635"]
[BlackElo "1329"]
[Opening "Giuoco Piano"]
[ECO "C54"]
[NIC "IG.02"]
[Time "14:00:36"]
[PlyCount "135"]
[TimeControl "2400+5"]

1. e4 e5 2. Nf3 Nc6 3. Bc4 Bc5 4. c3 Nf6 5. d3 O-O 6. O-O d6 7. Nbd2 Be6 8.
Bb5 Ne7 9. Re1 Ng6 10. Nf1 Ng4 11. Ne3 Kh8 12. d4 Bb6 13. Nxg4 Bxg4 14. Be3
Qf6 15. Be2 Bd7 16. Bc4 Qe7 17. a4 a5 18. g3 Qe8 19. h4 f6 20. Nd2 Ne7 21.
f4 Qg6 22. Kh2 f5 23. h5 Qe8 24. dxe5 Bxe3 25. Rxe3 dxe5 26. fxe5 f4 27.
gxf4 Rxf4 28. Kg3 Rg4+ 29. Kf2 Qxh5 30. Nf3 Rf8 31. Qxd7 Qh2+ 32. Ke1 Qh1+
33. Kd2 Rg2+ 34. Re2 Rxe2+ 35. Bxe2 Qxa1 36. Qxe7 Qxb2+ 37. Ke1 Qxc3+ 38.
Kf2 Qd4+ 39. Kg2 Qd8 40. Qe6 Re8 41. Qf7 Qe7 42. Qd5 b6 43. Bc4 Rd8 44. Qf7
Qxf7 45. Bxf7 Rf8 46. e6 g6 47. e7 Kg7 48. exf8=Q+ Kxf8 49. Bc4 Ke7 50. Kg3
Kd6 51. Kf4 Ke7 52. Kg5 Kd6 53. Kh6 c6 54. Kxh7 g5 55. e5+ Kc5 56. Nxg5 b5
57. Ne4+ Kb6 58. e6 Kc7 59. axb5 cxb5 60. Bxb5 Kd8 61. Nc5 Ke7 62. Kg6 Kf8
63. Kf6 a4 64. e7+ Kg8 65. e8=Q+ Kh7 66. Qh5+ Kg8 67. Qg6+ Kh8 68. Qg7# {
Black checkmated } 1-0

[Event "ICC tourney 2604 (40 5)"]
[Site "Internet Chess Club"]
[Date "2021.06.13"]
[Round "5"]
[White "SHOME, ANIRUDH:K06-15937035"]
[Black "BUGAYEV, GEORGE:K06-15696525"]
[Result "0-1"]
[ICCResult "White forfeits on time"]
[WhiteElo "1082"]
[BlackElo "1758"]
[Opening "Queen's pawn: stonewall attack"]
[ECO "D00"]
[NIC "QP.08"]
[Time "14:00:40"]
[PlyCount "62"]
[TimeControl "2400+5"]

1. d4 d5 2. e3 Nf6 3. Bd3 Bg4 4. f3 Bh5 5. Ne2 Bg6 6. O-O e6 7. Nf4 Bd6 8.
Nxg6 hxg6 9. f4 Nbd7 10. Nd2 c5 11. c3 c4 12. Bc2 Qc7 13. Nf3 Ng4 14. h3
Nh6 15. Ne5 Nf5 16. Qg4 Nf6 17. Qf3 Be7 18. Bd2 Nd6 19. b3 Nde4 20. Be1
cxb3 21. Bxb3 O-O 22. Rc1 b5 23. Qe2 a6 24. Rc2 Rfc8 25. Kh2 Qd8 26. a4
bxa4 27. Bxa4 Nd6 28. Nc6 Qd7 29. Nxe7+ Qxe7 30. Bh4 Rc7 31. Rfc1 Nde4 {
White forfeits on time } 0-1

[Event "ICC tourney 2604 (40 5)"]
[Site "Internet Chess Club"]
[Date "2021.06.13"]
[Round "5"]
[White "GOVINDARAJULA, PRANAY SIDDHARTH:K06-17345554"]
[Black "YU, DYLAN:K06-15800955"]
[Result "1/2-1/2"]
[ICCResult "Game drawn by repetition"]
[WhiteElo "1333"]
[BlackElo "1763"]
[Opening "Dutch"]
[ECO "A80"]
[NIC "HD.12"]
[Time "14:00:18"]
[PlyCount "174"]
[TimeControl "2400+5"]

1. d4 f5 2. Nf3 Nf6 3. c4 e6 4. Nc3 Be7 5. g3 O-O 6. Bg2 Ne4 7. Nxe4 fxe4
8. Nd2 e3 9. fxe3 Bg5 10. Nf3 Bf6 11. O-O d6 12. Qb3 Nc6 13. Bd2 a5 14.
Rac1 Qe7 15. a3 Ra6 16. Qc2 e5 17. d5 Nb8 18. e4 Bg4 19. Qb3 b6 20. Qc2 Nd7
21. Be3 Bh5 22. Qa4 Be8 23. Qc2 Bg6 24. Nd2 Bh5 25. Rf2 Nc5 26. Bxc5 bxc5
27. Bf3 Bg6 28. Rcf1 Bg5 29. Kh1 Be3 30. Rg2 Qg5 31. Rd1 Qf6 32. Nf1 Bd4
33. h3 Rb6 34. b3 Qg5 35. Bg4 Rbb8 36. Nd2 Qe3 37. Qd3 Rf2 38. Qxe3 Bxe3
39. Rxf2 Bxf2 40. Kg2 Be3 41. Kf3 Bxd2 42. Rxd2 Rxb3+ 43. Rd3 a4 44. Bd7
Rb8 45. Bxa4 Rf8+ 46. Ke3 Rf1 47. Bc6 Kf8 48. a4 Be8 49. Ra3 Bxc6 50. dxc6
Rg1 51. Kf2 Rb1 52. a5 Ke8 53. a6 Rb8 54. a7 Ra8 55. g4 Kf7 56. Kg3 g5 57.
Kf3 Kg6 58. Ke3 Kf6 59. Kd3 Ke7 60. Kc3 Kd8 61. Kb3 Ke7 62. Ra6 Kd8 63. Kc2
Ke7 64. Kd2 Kf6 65. Ke3 Kg6 66. Kf2 h5 67. Ra3 h4 68. Rb3 Rxa7 69. Rb7 Ra8
70. Rxc7 Rf8+ 71. Ke3 Kf6 72. Rd7 Ke6 73. Rc7 Rd8 74. Rg7 Kf6 75. Rb7 Rc8
76. c7 Ke6 77. Kd3 Kd7 78. Kc3 Rxc7 79. Rxc7+ Kxc7 80. Kb3 Kb7 81. Ka4 Kb6
82. e3 Ka6 83. Kb3 Kb6 84. Ka4 Ka6 85. Ka3 Ka5 86. Kb3 Kb6 87. Ka4 Ka6 {
Game drawn by repetition } 1/2-1/2